 Dungeon Crawl Stone Soup version 0.22.1-1-ga44c0e5 (webtiles) character file.

67 Yerrow the Sneak (level 4, 0/21 HPs)
             Began as a Spriggan Enchanter on Sept 25, 2018.
             Succumbed to an adder's poison
             ... on level 2 of the Dungeon.
             The game lasted 00:15:50 (1940 turns).

Yerrow the Sneak (Spriggan Enchanter)               Turns: 1940, Time: 00:15:51

Health: 0/21       AC:  2    Str:  4    XL:     4   Next: 0%
Magic:  0/9        EV: 18    Int: 16    God:
Gold:   69         SH:  0    Dex: 17    Spells: 2/8 levels left

rFire    . . .     SeeInvis +   a - +1 dagger
rCold    . . .     Gourm    .   (shield restricted)
rNeg     . . .     Faith    .   b - +0 robe
rPois    .         Spirit   .   (helmet restricted)
rElec    .         Reflect  .   (no cloak)
rCorr    .         Harm     .   (gloves unavailable)
MR       .....                  (boots unavailable)
Stlth    ++++......             (no amulet)
HPRegen  0.07/turn              (no ring)
MPRegen  0.11/turn              (no ring)

@: lethally poisoned (0 -> -2), very quick
A: very small, unfitting armour, see invisible, herbivore, speed 3, slow
metabolism 2
a: no special abilities


You were on level 2 of the Dungeon.
You were not hungry.

You visited 1 branch of the dungeon, and saw 3 of its levels.

You collected 69 gold pieces.

Inventory:

Hand Weapons
 a - a +1 dagger (weapon)
 e - a +0 dagger
 g - a +0 dagger
Armour
 b - a +0 robe (worn)
Scrolls
 c - a scroll of remove curse {unknown}
 f - a scroll of fog {unknown}
 h - a scroll of identify {unknown}
Potions
 i - a potion of mutation {unknown}
 j - a potion of heal wounds {unknown}
 k - a potion of berserk rage {unknown}
 l - 2 potions of agility {unknown}
 m - a potion of curing {unknown}
Comestibles
 d - 4 rations


   Skills:
 * Level 2.2 Short Blades
 - Level 3.0 Dodging
 * Level 7.0 Stealth
 - Level 2.6 Spellcasting
 - Level 3.6 Hexes


You had 2 spell levels left.
You knew the following spells:

 Your Spells              Type           Power        Failure   Level  Hunger
a - Corona                Hex            ##.....      4%          1    #......
b - Ensorcelled Hibernat  Hex/Ice        #.....       14%         2    ##.....
c - Confuse               Hex            ##......     13%         3    ###....

Your spell library contained the following spells:

 Spells                   Type           Power        Failure   Level  Hunger
 Tukima's Dance           Hex            ##......     13%         3    ###....
 Dazzling Spray           Conj/Hex       #.....       28%         3    ###....


Dungeon Overview and Level Annotations

Branches:
Dungeon (3/15)

Altars:
Kikubaaqudgha
Uskayaw


Innate Abilities, Weirdness & Mutations

You are very small and have problems with some larger weapons.
You are too small for most types of armour.
You have supernaturally acute eyesight. (SInv)
You are a herbivore.
You cover ground extremely quickly.
You need to consume almost no food.


Message History

* * * LOW HITPOINT WARNING * * *
You feel sick.
* * * LOW HITPOINT WARNING * * *
You feel sick.
* * * LOW HITPOINT WARNING * * *
You feel sick.
* * * LOW HITPOINT WARNING * * *
You feel sick.
* * * LOW HITPOINT WARNING * * *
You feel sick.
Your magical contamination has completely faded away.
* * * LOW HITPOINT WARNING * * *
You feel sick.
Casting: Ensorcelled Hibernation (safe; 14% risk of failure)
Confirm with . or Enter, or press ? or * to list all spells.
Aiming: Ensorcelled Hibernation (safe; 14% risk of failure)
Press: ? - help, Shift-Dir - straight line, f/p - adder
Aim: an adder (chance to defeat MR: 48%)
The adder looks drowsy...
You die...

.......#.#########'#####.########
.#####.#...........# #.#<......
.#####.############# #.########
.#.....##.######## #.#
.#...............# #.#
.###############.# #.#
.........<.....#.# #.#
##############.#.# #.# #.#@# #.#
#.#S# #S# #.#.# #.# #.#.#######.#
#.#...S.....#
##############.###########
.................#
##############.### ###


You could see an adder (sleeping).

Vanquished Creatures
  An adder (D:2)
  An ooze (D:3)
  A dart slug (D:2)
  2 worms
  3 leopard geckos (D:2)
  3 giant cockroaches
  2 goblins
  5 hobgoblins
  A jackal (D:1)
  2 quokkas (D:2)
  8 bats
  5 frilled lizards
  4 kobolds
  4 rats
42 creatures vanquished.

Notes
Turn   | Place    | Note
-------+----------+-------------------------------------------
     0 | D:1      | Yerrow the Spriggan Enchanter began the quest for the Orb.
     0 | D:1      | Reached XP level 1. HP: 9/9 MP: 5/5
   627 | D:1      | Reached skill level 5 in Stealth
   673 | D:1      | Reached XP level 2. HP: 13/13 MP: 6/6
   677 | D:1      | Learned a level 2 spell: Ensorcelled Hibernation
  1159 | D:2      | Reached skill level 6 in Stealth
  1159 | D:2      | Reached XP level 3. HP: 16/16 MP: 5/8
  1392 | D:3      | Found a hide-covered altar of Uskayaw.
  1392 | D:3      | Found an ancient bone altar of Kikubaaqudgha.
  1730 | D:2      | Reached skill level 7 in Stealth
  1730 | D:2      | Reached XP level 4. HP: 17/21 MP: 2/9
  1745 | D:2      | Learned a level 3 spell: Confuse
  1934 | D:2      | HP: 1/21 [poisoned by an adder]
  1940 | D:2      | Succumbed to an adder's poison

Skill      XL: |  1  2  3 |
---------------+----------+-----
Stealth        | 5 6 7 |  7.0
Short Blades   | 2 |  2.2
Dodging        | |  3.0
Spellcasting   | |  2.6
Hexes          | |  3.6

Action                   |  1- 3 |  4- 6 || total
-------------------------+-------+-------++-------
Melee: Dagger            |   160 |     3 ||   163
 Cast: Corona            |     4 |       ||     4
       Ensorcelled Hiber |    27 |     5 ||    32
 Stab: Sleeping          |    27 |       ||    27
  Eat: Ration            |     1 |       ||     1
Armor: Robe              |    17 |       ||    17
Dodge: Dodged            |   133 |     5 ||   138
